[Event "Titled Tuesday Blitz January 17 Early 2023"]
[White "Marn, Jan"]
[Black "Bethke, Richard"]
[WhiteFideId "14619245"]
[BlackFideId "12959243"]
[WhiteElo "2345"]
[BlackElo "2382"]
[Result "1-0"]
[Round "08"]
[TimeControl "180+2"]
[Date "2023.01.17"]
[WhiteClock "0:00:31"]
[BlackClock "0:01:06"]

1. d4 Nf6 2. Nf3 d5 3. e3 b6 4. b3 Bb7 5. Bd3 Ne4 6. O-O f5 7. c4 e6 8. Ne5 h5 9. f3 Nf6 10. Nc3 Nbd7 11. Ng6 Rh6 12. Nf4 e5 13. Nfxd5 Nxd5 14. Nxd5 Bxd5 15. cxd5 Qf6 16. Bb5 Bd6 17. Bc6 Rd8 18. e4 exd4 19. Bxh6 Qxh6 20. e5 Bc5 21. e6 Kf8 22. exd7 h4 23. Qd3 Qf4 24. Rae1 Bd6 25. Re8+ Kf7 26. Rxd8 Qxh2+ 27. Kf2 Bg3+ 28. Ke2 Qxg2+ 29. Kd1 Qxa2 30. Rf8+ Kg6 31. Qxf5+ 1-0


[Site "https://www.chess.com"]

[Event "Titled Tuesday Blitz January 17 Early 2023"]
[White "Fiorito, Francisco"]
[Black "Zherebtsova, Alexandra"]
[WhiteFideId "180165"]
[BlackFideId "24129518"]
[WhiteElo "2305"]
[BlackElo "2155"]
[Result "1-0"]
[Round "08"]
[TimeControl "180+2"]
[Date "2023.01.17"]
[WhiteClock "0:00:42"]
[BlackClock "0:00:06"]

1. d4 d5 2. Nf3 Nf6 3. Bf4 Bf5 4. e3 c6 5. c4 e6 6. Nc3 Be7 7. Qb3 Qb6 8. c5 Qxb3 9. axb3 Nbd7 10. b4 Nh5 11. Bg3 Nxg3 12. hxg3 O-O 13. b5 e5 14. Be2 Bf6 15. O-O Rfe8 16. Rfe1 h6 17. b4 exd4 18. exd4 a6 19. bxc6 bxc6 20. Kf1 a5 21. Rxa5 Rxa5 22. bxa5 Nxc5 23. Nxd5 cxd5 24. dxc5 Bc3 25. Rd1 Bxa5 26. Rxd5 Be6 27. Rd1 Rc8 28. Rc1 Bd5 29. Nd4 Kf8 30. Ba6 Ra8 31. Bb5 Rb8 32. c6 Ke7 33. Ba6 Bc7 34. Nb5 1-0


[Site "https://www.chess.com"]

[Event "Titled Tuesday Blitz January 17 Early 2023"]
[White "Luukkonen, Tommi"]
[Black "Vivas Zamora, Fabian Ernesto"]
[WhiteFideId "501808"]
[BlackFideId "3902480"]
[WhiteElo "2292"]
[BlackElo "2346"]
[Result "0-1"]
[Round "08"]
[TimeControl "180+2"]
[Date "2023.01.17"]
[WhiteClock "0:01:22"]
[BlackClock "0:00:19"]

1. e4 e5 2. Nf3 Nc6 3. Bb5 Nf6 4. d3 Bc5 5. c3 d5 6. Nbd2 O-O 7. O-O dxe4 8. dxe4 Qe7 9. h3 Rd8 10. Qe2 Nh5 11. Re1 Nf4 12. Qf1 Qf6 13. Nb3 Nxh3+ 14. gxh3 Qxf3 15. Nxc5 Bxh3 16. Re3 Bxf1 17. Rxf3 Bxb5 18. Bg5 f6 19. Be3 b6 20. Nb3 Rd7 21. a4 Be2 22. Rg3 Rad8 23. Kg2 Rd1 24. Rxd1 Bxd1 25. Nd2 Bxa4 26. b3 Bb5 27. c4 Ba6 28. Nb1 Bb7 29. f3 Nd4 30. Nd2 Ne6 31. Kf2 Nf4 32. Rg1 a5 33. Ra1 c5 34. Ra2 Nd3+ 35. Ke2 Nc1+ 0-1


[Site "https://www.chess.com"]

[Event "Titled Tuesday Blitz January 17 Early 2023"]
[White "Parpiev, Isaak"]
[Black "Buscar, Michael"]
[WhiteFideId "34281576"]
[BlackFideId "2603616"]
[WhiteElo "2167"]
[BlackElo "2041"]
[Result "1/2-1/2"]
[Round "08"]
[TimeControl "180+2"]
[Date "2023.01.17"]
[WhiteClock "0:00:05"]
[BlackClock "0:00:01"]

1. Nf3 Nf6 2. b3 b6 3. Bb2 Bb7 4. e3 e6 5. d4 Be7 6. c4 c5 7. Bd3 cxd4 8. exd4 d6 9. O-O O-O 10. Nbd2 Nbd7 11. Re1 a6 12. Rc1 Re8 13. Qc2 Rc8 14. Qb1 Nf8 15. h3 Qc7 16. a3 Qb8 17. Ne4 Nxe4 18. Bxe4 d5 19. cxd5 Bxd5 20. Bxd5 Rxc1 21. Bxc1 exd5 22. Qd3 b5 23. a4 Bb4 24. Rxe8 Qxe8 25. axb5 Qxb5 26. Qxb5 axb5 27. Kf1 Bc3 28. Ke2 Ne6 29. Kd3 Bb4 30. g3 Bd6 31. Ne1 Kf8 32. Nc2 Ke8 33. Ba3 Kd7 34. Bc1 f5 35. Ne3 f4 36. Nxd5 fxg3 37. fxg3 Bxg3 38. Nc3 Nc7 39. Ke4 g6 40. Bd2 Bd6 41. Nd5 Nxd5 42. Kxd5 Be7 43. Bf4 g5 44. Be5 h5 45. Ke4 Bd6 46. Kf5 Be7 47. d5 Bd8 48. Bg3 Be7 49. d6 Bd8 50. Kg6 h4 51. Bh2 Ke6 52. b4 Bf6 53. Kh6 Kf5 54. Kh5 Bd8 55. Bg1 Ke6 56. Bc5 Kf5 57. Bg1 Bf6 58. Be3 Bd8 59. Bg1 1/2-1/2


[Site "https://www.chess.com"]

[Event "Titled Tuesday Blitz January 17 Early 2023"]
[White "Dinu, Dumitru-Daniel"]
[Black "Berezin, Viktor"]
[WhiteFideId "1208403"]
[BlackFideId "14107872"]
[WhiteElo "2203"]
[BlackElo "2307"]
[Result "0-1"]
[Round "08"]
[TimeControl "180+2"]
[Date "2023.01.17"]
[WhiteClock "0:00:01"]
[BlackClock "0:00:21"]

1. e4 g6 2. d4 Bg7 3. Nc3 d6 4. Bc4 Nf6 5. Qe2 O-O 6. e5 Ne8 7. Bf4 c5 8. dxc5 Qa5 9. cxd6 exd6 10. O-O-O dxe5 11. Rd5 Qc7 12. Bxe5 Bxe5 13. Rxe5 Nf6 14. Nf3 Nc6 15. Re3 Bg4 16. Rd1 Rad8 17. Bb3 Nd4 18. Qf1 Nxb3+ 19. axb3 Qa5 20. Kb1 b5 21. h3 Bf5 22. Nd4 b4 23. Nxf5 Qxf5 24. Ne2 Rxd1+ 25. Qxd1 Rc8 26. Rf3 Qe5 27. Nd4 Nd5 28. Rd3 Nf4 29. Re3 Qc5 30. g3 Nd5 31. Rd3 Nf6 32. Rf3 Kg7 33. Qd3 a5 34. Rf4 a4 35. bxa4 Nd5 36. Rf3 Rd8 37. Nb3 Qc6 38. Qd4+ f6 39. Qc5 Qxa4 40. Qd4 Nc3+ 41. bxc3 Rxd4 42. cxd4 Qc6 43. Re3 Qh1+ 44. Kb2 Qxh3 45. Re7+ Kf8 46. Rc7 Qg2 47. Rxh7 Qxf2 48. d5 Qxg3 0-1


[Site "https://www.chess.com"]

[Event "Titled Tuesday Blitz January 17 Early 2023"]
[White "Martin Carmona, Gaston Manuel"]
[Black "Devaev, Alexander"]
[WhiteFideId "22284567"]
[BlackFideId "4169395"]
[WhiteElo "2333"]
[BlackElo "2325"]
[Result "1-0"]
[Round "08"]
[TimeControl "180+2"]
[Date "2023.01.17"]
[WhiteClock "0:00:05"]
[BlackClock "0:00:06"]

1. Nf3 Nf6 2. d4 e6 3. c4 c5 4. e3 cxd4 5. exd4 d5 6. Nc3 Bb4 7. cxd5 Nxd5 8. Bd2 Nc6 9. Bd3 O-O 10. O-O Be7 11. a3 Bf6 12. Ne4 Nce7 13. Nxf6+ Nxf6 14. Bg5 Qd6 15. Ne5 Ng6 16. Nxg6 hxg6 17. Qf3 Qxd4 18. b4 Qd5 19. Qg3 Ne4 20. Bxe4 Qxe4 21. Rfe1 Qf5 22. Re5 Qc2 23. Re3 f6 24. Bf4 e5 25. Rc3 exf4 26. Qf3 Qf5 27. Rc5 Qg4 28. Qc3 Bf5 29. h3 Qg5 30. Re1 Rae8 31. Rc1 f3 32. Qxf3 Be4 33. Qb3+ Bd5 34. Rxd5 Qxc1+ 35. Rd1+ Kh7 36. Rxc1 Re7 37. Rf1 Rfe8 38. Qg3 b6 39. Qh4+ Kg8 40. Qg4 Kh7 41. h4 Re4 42. Qg3 R8e5 43. Rc1 Re1+ 44. Kh2 Rxc1 45. Qb3 Rce1 46. g3 R1e2 47. Kg2 Rf5 48. Qd3 Rfxf2+ 49. Kg1 Rd2 50. Qe3 Rg2+ 51. Kf1 Rh2 52. Kg1 Ra2 53. Qd3 Rhd2 54. Qb1 Rxa3 55. h5 Rxg3+ 56. Kf1 Rg5 57. hxg6+ Rxg6 58. b5 Rg2 59. Qf5 Rg1+ 60. Ke2 Rg2+ 61. Kf1 Rg4 62. Qh5+ Kg8 63. Qd5+ Kf8 64. Qd8+ Kf7 65. Qd7+ Kg8 66. Qd5+ Kh7 67. Qh5+ Rh6 68. Qxg4 Rh1+ 69. Kf2 1-0


[Site "https://www.chess.com"]

[Event "Titled Tuesday Blitz January 17 Early 2023"]
[White "Lehtosaari, Mauri"]
[Black "Gressmann, Moritz"]
[WhiteFideId "501999"]
[BlackFideId "24695084"]
[WhiteElo "2176"]
[BlackElo "2129"]
[Result "1-0"]
[Round "08"]
[TimeControl "180+2"]
[Date "2023.01.17"]
[WhiteClock "0:00:25"]
[BlackClock "0:00:02"]

1. d4 Nc6 2. Nf3 d6 3. g3 e5 4. Nc3 exd4 5. Nxd4 Nf6 6. Bg2 Bd7 7. O-O Be7 8. b3 O-O 9. Bb2 Re8 10. Nd5 Nxd5 11. Bxd5 Bf8 12. c4 Nxd4 13. Qxd4 Bc6 14. Bxc6 bxc6 15. e3 c5 16. Qc3 a5 17. Rad1 a4 18. Rd5 axb3 19. axb3 Re6 20. Rfd1 Qb8 21. Rg5 Rg6 22. Rxg6 hxg6 23. h4 Ra7 24. Rd3 Qb4 25. Qc1 Be7 26. e4 Bf6 27. Bxf6 gxf6 28. Kg2 Ra2 29. Qe3 Kg7 30. g4 Qb8 31. g5 fxg5 32. hxg5 Qh8 33. Qf4 Qd8 34. Rh3 Ra8 35. Qh4 Qh8 36. Qf4 Qd8 37. e5 d5 38. Qf6+ Qxf6 39. exf6+ Kg8 40. cxd5 Ra3 41. Rc3 Kf8 42. Rxc5 Rxb3 43. Rxc7 Ke8 44. Re7+ Kf8 45. d6 Rb8 46. d7 Ra8 47. Kf3 Rd8 48. Ke4 Ra8 49. Kd5 Kg8 50. Re8+ Kh7 51. Re7 Rd8 52. Kd6 Ra8 53. Kc7 Ra7+ 54. Kc6 Ra6+ 55. Kb7 Ra5 56. Kc7 Rc5+ 57. Kd6 Rc1 58. d8=Q Rd1+ 59. Kc7 Rc1+ 60. Kd7 Rd1+ 61. Ke8 Re1 62. Rxe1 Kg8 63. Ke7+ Kh7 64. Rh1# 1-0


[Site "https://www.chess.com"]

[Event "Titled Tuesday Blitz January 17 Early 2023"]
[White "Buksa, Nataliya"]
[Black "Lacasa Diaz, Jose Antonio"]
[WhiteFideId "14123622"]
[BlackFideId "2203375"]
[WhiteElo "2406"]
[BlackElo "2359"]
[Result "0-1"]
[Round "08"]
[TimeControl "180+2"]
[Date "2023.01.17"]
[WhiteClock "0:00:16"]
[BlackClock "0:00:21"]

1. d4 d5 2. Nc3 e6 3. Bf4 Bd6 4. e3 Nf6 5. Nf3 Nbd7 6. Be2 O-O 7. O-O Ne4 8. Nxe4 dxe4 9. Nd2 Bxf4 10. exf4 Nf6 11. c3 b6 12. Nc4 Bb7 13. Ne3 Qe7 14. Qc2 Rac8 15. Rad1 c5 16. dxc5 Rxc5 17. Rd4 Qc7 18. g3 e5 19. fxe5 Rxe5 20. Rfd1 Rfe8 21. Qa4 Bc6 22. Qb4 R5e6 23. a4 h5 24. Qc4 h4 25. b4 Qe5 26. Rd8 Rxd8 27. Rxd8+ Kh7 28. b5 Bd7 29. Kg2 Rd6 30. Kg1 Be6 31. Qc7 Rd1+ 32. Rxd1 Qxc7 33. c4 h3 34. Ra1 g6 35. Rd1 Kg7 36. Ra1 Qe5 37. Rd1 Qb2 38. Bf1 Qb3 39. Rc1 Qa3 40. Rc2 Qxa4 41. Rc1 Qa3 42. Rc2 Ng4 43. Nxg4 Bxg4 44. Rd2 Qc1 45. Ra2 Bf3 46. c5 Bg2 0-1


[Site "https://www.chess.com"]

[Event "Titled Tuesday Blitz January 17 Early 2023"]
[White "Silva, Pedro Gil Ferreira Da"]
[Black "Goltseva, Ekaterina"]
[WhiteFideId "1946102"]
[BlackFideId "24173770"]
[WhiteElo "2227"]
[BlackElo "2283"]
[Result "1-0"]
[Round "08"]
[TimeControl "180+2"]
[Date "2023.01.17"]
[WhiteClock "0:00:15"]
[BlackClock "0:00:02"]

1. c4 e6 2. Nf3 d5 3. g3 Nf6 4. Bg2 d4 5. O-O c5 6. e3 Nc6 7. exd4 cxd4 8. d3 h6 9. a3 a5 10. Re1 Bd6 11. Nbd2 O-O 12. Nh4 e5 13. Ne4 Nxe4 14. Bxe4 Ne7 15. Qh5 f5 16. Bg2 Qe8 17. Qxe8 Rxe8 18. Bd2 g5 19. Nf3 Nc6 20. h4 g4 21. Nh2 h5 22. Bg5 Kg7 23. Nf1 Bd7 24. Nd2 Ra6 25. Rac1 Bc5 26. Nb3 Bf8 27. c5 a4 28. Nd2 Ra5 29. Nc4 Rxc5 30. Nb6 Be6 31. Nxa4 Rxc1 32. Rxc1 Rc8 33. Nc5 Kf7 34. Nxb7 Rc7 35. Rxc6 Rxb7 36. Rxe6 Rxb2 37. Rxe5 Rb1+ 38. Kh2 Bd6 39. Rxf5+ Ke6 40. Ra5 Rb2 41. Bf4 Bxf4 42. gxf4 Rxf2 43. Rxh5 Rxf4 44. Rg5 Kf6 45. Kg3 1-0


[Site "https://www.chess.com"]

[Event "Titled Tuesday Blitz January 17 Early 2023"]
[White "Perez Rodriguez, Jennifer"]
[Black "Mayank Chakraborty"]
[WhiteFideId "3507831"]
[BlackFideId "25659766"]
[WhiteElo "2242"]
[BlackElo "2025"]
[Result "0-1"]
[Round "08"]
[TimeControl "180+2"]
[Date "2023.01.17"]
[WhiteClock "0:01:06"]
[BlackClock "0:02:05"]

1. e4 c5 2. c3 Nf6 3. e5 Nd5 4. Nf3 e6 5. d4 cxd4 6. cxd4 b6 7. Bd3 Bb7 8. O-O Nc6 9. Qe2 d6 10. a3 dxe5 11. dxe5 Be7 12. Bd2 O-O 13. Nc3 Na5 14. Rad1 Rc8 15. Qe4 Nf6 16. Qe3 Ng4 17. Qe2 Bxf3 18. gxf3 Nxe5 19. Qxe5 Qxd3 20. Bg5 Qg6 21. Ne4 Nc4 22. Qg3 Bxg5 23. Nxg5 h6 24. Ne4 Qxg3+ 25. fxg3 Nxb2 26. Rd7 a5 27. Rb1 Nc4 28. Nd6 Nxd6 29. Rxd6 Rc3 30. Rdxb6 Rxa3 31. R6b3 Rxb3 32. Rxb3 a4 33. Ra3 Ra8 34. Kf2 Kf8 35. Ke3 Ke7 36. Kd4 Kd6 37. Kc4 e5 38. Kb4 Kd5 39. Rd3+ Ke6 40. Ka3 f5 41. Rc3 e4 42. Rc6+ Kd5 43. Rc3 Kd4 0-1


[Site "https://www.chess.com"]

[Event "Titled Tuesday Blitz January 17 Early 2023"]
[White "Sargissyan, Sargis"]
[Black "Shuvalov, Evgenij"]
[WhiteFideId "13303210"]
[BlackFideId "4187237"]
[WhiteElo "2234"]
[BlackElo "2038"]
[Result "1-0"]
[Round "08"]
[TimeControl "180+2"]
[Date "2023.01.17"]
[WhiteClock "0:00:10"]
[BlackClock "0:00:03"]

1. e4 e6 2. d4 d5 3. Nc3 Bb4 4. e5 c5 5. a3 Bxc3+ 6. bxc3 Ne7 7. Qg4 cxd4 8. Bd3 Qa5 9. Ne2 O-O 10. Bg5 Ng6 11. f4 Nd7 12. O-O dxc3 13. h4 f5 14. exf6 Nxf6 15. Bxf6 Rxf6 16. Ng3 Rf7 17. Bxg6 hxg6 18. Qxg6 Bd7 19. h5 Rf6 20. Qg5 Raf8 21. Rf3 Qc7 22. Raf1 d4 23. h6 Rxh6 24. Nh5 Be8 25. Rh3 Bxh5 26. Rxh5 Rxh5 27. Qxh5 Qf7 28. Qe5 Qf6 29. Qe4 e5 30. f5 Rf7 31. Rf3 Qd6 32. a4 b6 33. Qa8+ Rf8 34. Qe4 Rd8 35. Rh3 Qd5 36. Qh4 Kf7 37. Qh5+ Ke7 38. Qg5+ Kd7 39. Qxg7+ Kc8 40. Rh7 Rd7 41. Qh8+ Kb7 42. Rxd7+ Qxd7 43. Qxe5 d3 44. Qe4+ Ka6 45. cxd3 Ka5 46. Qc4 Qxa4 47. Qxc3+ Qb4 48. Qa1+ Kb5 49. Qe5+ Ka4 50. f6 Qb1+ 51. Kh2 Qxd3 52. Qf4+ Kb3 53. f7 Qh7+ 54. Kg1 Qb1+ 55. Qf1 Qh7 56. f8=Q b5 57. Q8f3+ Kb4 58. Qf4+ Ka5 59. Qa1+ Kb6 60. Qff6+ Kc5 61. Qac3+ Kd5 62. Qcd4# 1-0


[Site "https://www.chess.com"]

[Event "Titled Tuesday Blitz January 17 Early 2023"]
[White "Ovezdurdyyeva, Jemal"]
[Black "sabkeIXO"]
[WhiteFideId "14001888"]
[WhiteElo "2078"]
[BlackElo "2481"]
[Result "1/2-1/2"]
[Round "08"]
[TimeControl "180+2"]
[Date "2023.01.17"]
[WhiteClock "0:00:35"]
[BlackClock "0:00:13"]

1. e4 d5 2. exd5 Nf6 3. d4 Nxd5 4. Nf3 Bg4 5. Be2 Nc6 6. O-O e6 7. c4 Nb6 8. b3 Be7 9. Bb2 O-O 10. Nbd2 a5 11. a4 Nb4 12. Ne4 Bf5 13. Ng3 Bc2 14. Qd2 Bxb3 15. Rfc1 c5 16. Qc3 Bxa4 17. dxc5 Bf6 18. Qa3 Nc2 19. Rxc2 Bxc2 20. cxb6 a4 21. c5 Bb3 22. Ne4 Bxb2 23. Qxb2 Rc8 24. Rc1 Qd5 25. Nfd2 Rfd8 26. Bf3 Qd4 27. Qa3 f5 28. Nxb3 axb3 29. Nd6 Rxd6 30. cxd6 Rxc1+ 31. Qxc1 b2 32. Qc2 Qxb6 33. Qb1 Qd4 34. d7 Kf7 35. d8=Q Qxd8 36. Qxb2 b6 37. h3 Qd6 38. Qb5 Qc5 39. Qd7+ Kf6 40. Qd8+ Ke5 41. Qg8 Qc1+ 42. Kh2 Qf4+ 43. Kh1 Qc1+ 44. Kh2 Qf4+ 45. Kh1 Qc1+ 46. Kh2 1/2-1/2


[Site "https://www.chess.com"]

[Event "Titled Tuesday Blitz January 17 Early 2023"]
[White "Hoffmann, Asa"]
[Black "Nguyen Hong Nhung"]
[WhiteFideId "2001470"]
[BlackFideId "12412201"]
[WhiteElo "2185"]
[BlackElo "2003"]
[Result "0-1"]
[Round "08"]
[TimeControl "180+2"]
[Date "2023.01.17"]
[WhiteClock "0:00:12"]
[BlackClock "0:00:20"]

1. d4 Nf6 2. Bg5 c5 3. d5 g6 4. Nc3 Bg7 5. e4 d6 6. Qd2 a6 7. a4 Nbd7 8. f3 Rb8 9. Nh3 Qa5 10. Ra3 Ne5 11. Nf2 Qc7 12. h3 Nh5 13. f4 Nd7 14. Qe3 Bd4 15. Qf3 c4 16. g4 Nhf6 17. Be2 b5 18. axb5 axb5 19. Ncd1 b4 20. Ra1 h6 21. Bh4 Qc5 22. c3 bxc3 23. bxc3 Bxf2+ 24. Bxf2 Qb5 25. Bd4 Nc5 26. O-O Ncxe4 27. Ne3 O-O 28. Bxc4 Qb2 29. Qe2 Nd2 30. Rfe1 Nxc4 31. Nxc4 Qxe2 32. Rxe2 Nxd5 33. Na5 Be6 34. Nc6 Rb7 35. Rf1 Rc8 36. Nxe7+ Rxe7 37. f5 gxf5 38. gxf5 Bd7 39. Rg2+ Kf8 40. Bg7+ Ke8 41. Bxh6 Kd8 42. Rd1 Ne3 43. Rg8+ Kc7 44. Rxc8+ Bxc8 45. Rd3 Nxf5 46. Bf4 Re4 47. Bh2 Be6 48. Kf2 Rc4 49. Ke2 Kc6 50. Kd2 Ra4 51. Kc1 Ra2 52. Bf4 Rf2 53. Bd2 Bc4 0-1


[Site "https://www.chess.com"]

[Event "Titled Tuesday Blitz January 17 Early 2023"]
[White "Nugumanov, Bakhtiyar"]
[Black "Hajiyev, Kanan"]
[WhiteFideId "13701797"]
[BlackFideId "13404148"]
[WhiteElo "2316"]
[BlackElo "2197"]
[Result "0-1"]
[Round "08"]
[TimeControl "180+2"]
[Date "2023.01.17"]
[WhiteClock "0:00:02"]
[BlackClock "0:00:18"]

1. Nf3 c6 2. c4 d5 3. cxd5 cxd5 4. g3 Nf6 5. Bg2 Nc6 6. d4 Bf5 7. O-O e6 8. Nc3 Ne4 9. Nh4 Nxc3 10. bxc3 Bg4 11. f3 Bh5 12. f4 Be7 13. Nf3 O-O 14. Bd2 Na5 15. Ne5 f6 16. Nd3 Nc4 17. h3 b6 18. g4 Bf7 19. e4 Rc8 20. Rc1 Qd7 21. Qe2 Ba3 22. Rc2 Nxd2 23. Qxd2 dxe4 24. Bxe4 Bg6 25. Bxg6 hxg6 26. Qe3 Qd5 27. Re1 Rc6 28. Nf2 Bb4 29. Nd1 Rfc8 30. Ree2 Kf7 31. c4 Rxc4 32. Rxc4 Rxc4 33. Nb2 Rxd4 34. Kf2 Bc5 35. Kg3 a5 36. Qf3 Qxf3+ 37. Kxf3 b5 38. Rc2 Bd6 39. Rc6 Rxf4+ 40. Ke3 Be5 41. Nd3 Ra4 42. Rc5 Bd4+ 43. Ke4 Bxc5+ 44. Kf3 Ra3 45. Ke4 f5+ 46. gxf5 gxf5+ 47. Ke5 Rxd3 48. h4 Be3 49. h5 Rd5# 0-1


[Site "https://www.chess.com"]

[Event "Titled Tuesday Blitz January 17 Early 2023"]
[White "Kazancev, Valerij M"]
[Black "Mrudul Dehankar"]
[WhiteFideId "4179609"]
[BlackFideId "25096990"]
[WhiteElo "2313"]
[BlackElo "2030"]
[Result "1-0"]
[Round "08"]
[TimeControl "180+2"]
[Date "2023.01.17"]
[WhiteClock "0:00:10"]
[BlackClock "0:00:01"]

1. c4 e5 2. g3 Nf6 3. Bg2 d5 4. cxd5 Nxd5 5. Nc3 Nb6 6. Nf3 Nc6 7. O-O Be7 8. b3 O-O 9. Bb2 Bg4 10. h3 Be6 11. Rc1 Qd7 12. Kh2 f5 13. d3 Bf6 14. Nd2 Rad8 15. Nb5 Bd5 16. e4 Bf7 17. exf5 Qxd3 18. Nc4 Qxf5 19. Qe2 Nxc4 20. bxc4 Nd4 21. Bxd4 exd4 22. Nxc7 d3 23. Qd2 Kh8 24. Nd5 Bxd5 25. cxd5 Rfe8 26. Rfe1 Re7 27. Rxe7 Bxe7 28. Rd1 Bf6 29. f4 Re8 30. Qxd3 Qh5 31. g4 Qf7 32. d6 Bd8 33. Qd4 Bb6 34. Qa4 Rd8 35. d7 Qe7 36. Qe4 Qf7 37. Kg3 Bc7 38. Rd5 Rf8 39. Rf5 1-0


[Site "https://www.chess.com"]

[Event "Titled Tuesday Blitz January 17 Early 2023"]
[White "I_KID_you_not"]
[Black "Ortega Ruiz, Jose Miguel"]
[BlackFideId "2209713"]
[WhiteElo "2332"]
[BlackElo "2351"]
[Result "0-1"]
[Round "08"]
[TimeControl "180+2"]
[Date "2023.01.17"]
[WhiteClock "0:00:15"]
[BlackClock "0:01:49"]

1. e4 e6 2. d4 d5 3. Bd3 dxe4 4. Bxe4 Nf6 5. Bf3 Bd6 6. Ne2 O-O 7. Nd2 c5 8. Nc4 Be7 9. O-O Nc6 10. dxc5 Bxc5 11. Qxd8 Rxd8 12. Bg5 h6 13. Bxf6 gxf6 14. Rfd1 Bd7 15. c3 Be8 16. b4 Be7 17. b5 Rxd1+ 18. Rxd1 Nd8 19. a4 Rc8 20. Nd6 Bxd6 21. Rxd6 e5 22. Bd5 a6 23. c4 axb5 24. axb5 Ne6 25. Bxe6 fxe6 26. Rxe6 Bf7 27. Rxf6 Bxc4 28. Kf1 Bxb5 29. Ke1 Rc2 30. Ng3 Rb2 31. Re6 Bc6 32. Rxe5 Bxg2 33. Nf5 h5 34. Nd6 b6 35. Rxh5 Kf8 36. Rg5 Bc6 37. Nc4 Rb4 38. Ne5 Be4 39. f4 Rb2 40. h4 b5 41. f5 Ke7 42. h5 Kf6 43. h6 Rh2 44. h7 Kxe5 45. Rg2 0-1


[Site "https://www.chess.com"]

[Event "Titled Tuesday Blitz January 17 Early 2023"]
[White "Alfaro, William"]
[Black "Begunov, Konstantin"]
[WhiteFideId "6100457"]
[BlackFideId "4118510"]
[WhiteElo "2134"]
[BlackElo "2325"]
[Result "1-0"]
[Round "08"]
[TimeControl "180+2"]
[Date "2023.01.17"]
[WhiteClock "0:00:18"]
[BlackClock "0:00:02"]

1. Nf3 d5 2. g3 c6 3. Bg2 Bg4 4. O-O Nd7 5. d3 e5 6. e4 dxe4 7. dxe4 Ngf6 8. Nbd2 Bc5 9. Qe2 Qe7 10. h3 Bh5 11. Nb3 Bb6 12. Be3 O-O 13. Rad1 Rfd8 14. a3 Bxe3 15. Qxe3 Nb6 16. g4 Bg6 17. Nh4 Nc4 18. Nxg6 hxg6 19. Qc3 b5 20. a4 Nd7 21. Nc1 Ndb6 22. b3 b4 23. Qg3 Na3 24. c3 Nc2 25. Ne2 a5 26. f4 exf4 27. Qxf4 bxc3 28. Nxc3 g5 29. Qf2 Qb4 30. Qxc2 Qc5+ 31. Kh1 f6 32. Qb2 Qe3 33. Ne2 1-0


[Site "https://www.chess.com"]

[Event "Titled Tuesday Blitz January 17 Early 2023"]
[White "Granados Diaz, Maria Esther"]
[Black "Myshakov, Fyodor"]
[WhiteFideId "6101488"]
[BlackFideId "14111284"]
[WhiteElo "1868"]
[BlackElo "2292"]
[Result "0-1"]
[Round "08"]
[TimeControl "180+2"]
[Date "2023.01.17"]
[WhiteClock "0:00:39"]
[BlackClock "0:01:47"]

1. e4 c6 2. Nc3 d5 3. Nf3 Bg4 4. h3 Bxf3 5. Qxf3 e6 6. Be2 Nd7 7. d3 Bb4 8. O-O Ne7 9. Qg3 O-O 10. a3 Bc5 11. Bf4 Ng6 12. Bc7 Qc8 13. Bd6 Bxd6 14. Qxd6 Rd8 15. Qg3 Nf6 16. Rad1 e5 17. Bg4 Nxg4 18. hxg4 Nf4 19. Rfe1 d4 20. Nb1 Rd6 21. c3 Rg6 22. f3 c5 23. Nd2 Nxd3 24. Nc4 Nxe1 25. Rxe1 Re6 0-1


[Site "https://www.chess.com"]

[Event "Titled Tuesday Blitz January 17 Early 2023"]
[White "MunichMouse"]
[Black "Sanchez, Robert"]
[BlackFideId "2034360"]
[WhiteElo "2211"]
[BlackElo "1966"]
[Result "1-0"]
[Round "08"]
[TimeControl "180+2"]
[Date "2023.01.17"]
[WhiteClock "0:01:59"]
[BlackClock "0:00:41"]

1. d4 Nf6 2. c4 e6 3. Nf3 Bb4+ 4. Bd2 a5 5. Qc2 O-O 6. e4 d6 7. Bd3 h6 8. O-O Bxd2 9. Nbxd2 c5 10. dxc5 dxc5 11. Rad1 Qc7 12. e5 Nfd7 13. Qc3 Nc6 14. Rfe1 Nb6 15. b3 a4 16. Bb1 axb3 17. axb3 Nb4 18. Qe3 Qe7 19. Ne4 Nd7 20. Qf4 b6 21. Nd6 f6 22. Qe4 f5 23. Qxa8 1-0


[Site "https://www.chess.com"]

[Event "Titled Tuesday Blitz January 17 Early 2023"]
[White "Thomas, Anysia"]
[Black "Ahmad, Al Khatib"]
[WhiteFideId "670472"]
[BlackFideId "8103178"]
[WhiteElo "2147"]
[BlackElo "2344"]
[Result "0-1"]
[Round "08"]
[TimeControl "180+2"]
[Date "2023.01.17"]
[WhiteClock "0:00:01"]
[BlackClock "0:00:19"]

1. d4 Nf6 2. c4 g6 3. Nc3 Bg7 4. e4 d6 5. h3 Nbd7 6. Nf3 e5 7. d5 Nc5 8. Nd2 a5 9. Be2 Bh6 10. Qc2 O-O 11. g4 Bf4 12. Nf3 Qe7 13. b3 c6 14. Bd2 cxd5 15. cxd5 Bd7 16. Bxf4 exf4 17. Nd2 Rac8 18. f3 b5 19. Qb2 Qe5 20. Nd1 Qe7 21. h4 h5 22. g5 Ne8 23. O-O f6 24. gxf6 Nxf6 25. Nf2 Nh7 26. Nd3 Qxh4 27. Nxc5 Rxc5 28. Rf2 Bh3 29. Bf1 Qg3+ 30. Bg2 Ng5 31. Nf1 Qh4 32. Qe2 Rfc8 33. Rd1 Rc1 0-1


[Site "https://www.chess.com"]

[Event "Titled Tuesday Blitz January 17 Early 2023"]
[White "Rose, Felix"]
[Black "Buchenau, Frank"]
[WhiteFideId "5105722"]
[BlackFideId "4604350"]
[WhiteElo "2091"]
[BlackElo "2222"]
[Result "1-0"]
[Round "08"]
[TimeControl "180+2"]
[Date "2023.01.17"]
[WhiteClock "0:00:20"]
[BlackClock "0:00:02"]

1. e4 e6 2. d4 d5 3. Nc3 Nf6 4. e5 Nfd7 5. f4 c5 6. Nf3 Nc6 7. Be3 a6 8. Qd2 b5 9. dxc5 Bxc5 10. Bd3 Qb6 11. Bf2 Bxf2+ 12. Qxf2 Nc5 13. O-O b4 14. Ne2 a5 15. Kh1 Ne7 16. Ned4 Ba6 17. Bxa6 Rxa6 18. Nb3 Na4 19. Qxb6 Nxb6 20. Nfd4 Nc4 21. Rab1 a4 22. Nc5 Ra5 23. Nb7 Ra7 24. Nd6+ Nxd6 25. exd6 Nc8 26. c3 Nxd6 27. cxb4 O-O 28. f5 Nc4 29. fxe6 Nd2 30. exf7+ Raxf7 31. Rxf7 Rxf7 32. Rd1 Nc4 33. b3 axb3 34. Nxb3 Rf2 35. h3 Rxa2 36. Rxd5 Rb2 37. Nd4 Rxb4 38. Rd7 Rb6 39. Nf5 Rb1+ 40. Kh2 g6 41. Nh6+ Kh8 42. Nf7+ Kg8 43. Nh6+ Kh8 44. Nf7+ Kg8 45. Nd6 Nxd6 46. Rd8+ 1-0


[Site "https://www.chess.com"]

[Event "Titled Tuesday Blitz January 17 Early 2023"]
[White "Horcajuelo Rocamora, Martin"]
[Black "Yuan, Qingyu"]
[WhiteFideId "24573027"]
[BlackFideId "8609772"]
[WhiteElo "2107"]
[BlackElo "2373"]
[Result "0-1"]
[Round "08"]
[TimeControl "180+2"]
[Date "2023.01.17"]
[WhiteClock "0:00:13"]
[BlackClock "0:00:09"]

1. e4 e5 2. Nf3 Nc6 3. Bb5 Nf6 4. d3 Bc5 5. O-O Nd4 6. Nxd4 Bxd4 7. c3 Bb6 8. Nd2 O-O 9. Nf3 d5 10. exd5 Qxd5 11. Bc4 Qd6 12. Re1 e4 13. dxe4 Qxd1 14. Rxd1 Nxe4 15. Nd4 Bd7 16. Be3 Rad8 17. f3 Nd6 18. Bd3 Rfe8 19. Bf2 h6 20. Re1 a5 21. Rad1 Ba4 22. b3 Bd7 23. g3 Bc5 24. Be3 b6 25. Kf2 Re7 26. a4 Rde8 27. g4 f5 28. h3 fxg4 29. hxg4 Rf8 30. Kg3 Rfe8 31. Bf2 Rxe1 32. Rxe1 Rxe1 33. Bxe1 Bxd4 34. cxd4 Be6 35. Bc2 Kf7 36. Bd2 Bd5 37. Bf4 Ke6 38. Be5 Ne8 39. Bf5+ Ke7 40. Bc2 c6 41. Kf4 Ke6 42. Bf5+ Ke7 43. Be4 Nf6 44. Bxf6+ Kxf6 45. Bxd5 cxd5 46. Kg3 g6 47. f4 h5 48. Kh4 Ke6 49. gxh5 gxh5 50. Kxh5 Kf5 51. Kh6 Kxf4 52. Kg6 Ke4 53. Kf6 Kxd4 54. Ke6 Kc5 55. Ke5 Kb4 56. Kxd5 Kxb3 57. Kc6 Kxa4 58. Kxb6 Kb4 0-1


[Site "https://www.chess.com"]